Predators vs Stars
Created - January 27, 2018 at 22:45
Goals
|
Predators |
0 |
1 |
2 |
3 |
Stars |
1 |
2 |
1 |
4 |
|
Shots
|
Predators |
5 |
15 |
13 |
33 |
Stars |
8 |
14 |
6 |
28 |
|
1st period
1. Stars , Jussi Jokinen 19 (Evgeny Artyukhin 16, Ryan Getzlaf 17) at 19:31
Penalties :
Dustin Penner (Dal) for Cross-checking (Minor) at 12:14
2nd period
2. Stars , John Tavares 22 (Michael Frolik 29, Brian Lee 18) at 4:08
3. Predators , Andy Miele 10 (Adam Burish 12, Justin Abdelkader 9) at 6:27
4. Stars , Patrick Eaves 12 (Daniel Cleary 7) at 16:06
Penalties :
Viktor Fasth (Nas) for Slashing (Minor) at 9:05 - Ryan Mcdonagh served the penalty, Kris Vernarsky (Nas) for Boarding (Minor) at 11:57
3rd period
5. Predators , Kris Vernarsky 5 (James Van Riemsdyk 11) at 1:04
6. Predators , Alexander Steen 16 (Mikael Granlund 12, Alexander Edler 28) at 11:48 (PP)
7. Stars , Ryan Getzlaf 7 (Jussi Jokinen 19, Evgeny Artyukhin 17) at 17:53
Penalties :
Jussi Jokinen (Dal) for Interference (Minor) at 3:14, Andrei Markov (Dal) for Hooking (Minor) at 6:08, Raphael Diaz (Dal) for Tripping (Minor) at 11:34, Brian Lee (Dal) for Hooking (Minor) at 15:20, Shaone Morrisonn (Dal) for Hooking (Minor) at 18:52
Goalie Stats
Viktor Fasth (Nas), 24 saves from 28 shots - (0.857), L, 22-13-0, 59:01 minutes
Pascal Leclaire (Dal), 30 saves from 33 shots - (0.909), W, 18-15-2, 60:00 minutes
Players Stats for Predators
Player Name G A P +/- PIM S H SB GA TA FO MP PP MP PK MP
------------------------------------------------------------------------------------
Adam Burish 0 1 1 1 0 0 0 0 0 0 0/0 12:59 0:04 1:15
Alexander Edler 0 1 1 -1 0 4 3 0 0 1 0/0 27:30 4:26 2:17
Alexander Ovechkin 0 0 0 -2 0 3 1 0 2 0 1/2 21:13 4:57 1:14
Alexander Steen 1 0 1 0 0 2 3 0 0 0 0/2 15:12 4:16 0:00
Andrej Meszaros 0 0 0 -1 0 0 0 0 0 0 0/0 11:17 0:04 0:50
Andy Miele 1 0 1 1 0 3 0 0 0 0 1/1 12:01 0:00 0:46
Barret Jackman 0 0 0 0 0 2 0 1 0 0 0/0 11:54 0:00 0:58
Brett Clark 0 0 0 0 0 0 0 0 0 1 0/0 11:40 0:00 1:19
Byron Bitz 0 0 0 0 0 0 2 0 0 2 0/0 17:32 4:16 1:55
Dmitri Kalinin 0 0 0 -1 0 0 3 0 0 2 0/0 19:25 4:47 0:00
James Van Riemsdyk 0 1 1 -1 0 1 0 0 0 0 0/0 9:29 0:07 0:00
John Moore 0 0 0 -1 0 2 1 0 0 1 0/0 20:44 4:47 1:19
Justin Abdelkader 0 1 1 1 0 3 0 0 0 0 0/0 11:39 0:04 0:00
Kris Vernarsky 1 0 1 -1 2 2 1 0 1 0 1/1 9:01 0:00 0:00
Mikael Granlund 0 1 1 0 0 1 2 0 0 0 6/12 16:00 4:16 0:38
Niclas Bergfors 0 0 0 -2 0 6 1 1 0 0 0/1 19:59 4:57 0:00
Ryan Kesler 0 0 0 -2 0 3 1 0 0 0 18/38 22:04 4:54 2:08
Ryan Mcdonagh 0 0 0 -1 0 1 1 3 0 0 0/0 26:22 4:30 1:13
Players Stats for Stars
Player Name G A P +/- PIM S H SB GA TA FO MP PP MP PK MP
------------------------------------------------------------------------------------
Andrei Markov 0 0 0 -1 2 0 2 1 1 0 0/0 16:20 1:44 2:15
Brian Lee 0 1 1 1 2 0 1 3 1 1 0/0 24:56 2:14 4:29
Daniel Cleary 0 1 1 0 0 2 0 0 0 0 0/1 8:52 0:00 0:00
Dustin Penner 0 0 0 0 2 0 0 1 0 1 0/0 13:03 0:00 2:45
Evgeny Artyukhin 0 2 2 1 0 1 1 0 0 0 1/1 15:45 1:50 1:59
John Tavares 1 0 1 1 0 5 1 1 0 0 14/27 20:23 2:08 1:00
Johnny Oduya 0 0 0 1 0 0 1 2 0 0 0/0 20:19 2:14 0:24
Jussi Jokinen 1 1 2 1 2 6 1 0 0 0 1/2 14:45 2:08 0:27
Matt Cooke 0 0 0 0 0 0 2 0 0 1 1/1 9:07 0:00 0:16
Michael Frolik 0 1 1 1 0 2 0 1 2 0 0/0 18:50 2:08 0:00
Michal Handzus 0 0 0 0 0 1 0 0 0 0 5/8 14:15 0:00 5:01
Patrick Eaves 1 0 1 0 0 4 0 1 1 0 0/0 8:47 0:00 0:00
Raphael Diaz 0 0 0 1 2 1 1 0 0 0 0/0 18:38 0:00 3:24
Rickard Wallin 0 0 0 0 0 1 1 0 0 0 2/4 10:56 0:00 2:11
Ryan Getzlaf 1 1 2 1 0 1 2 0 1 0 6/12 13:29 1:50 0:00
Scott Hartnell 0 0 0 1 0 3 0 0 0 0 0/1 23:17 1:50 4:55
Shaone Morrisonn 0 0 0 2 2 0 3 3 0 0 0/0 20:47 0:00 4:31
Trevor Daley 0 0 0 0 0 1 1 2 1 0 0/0 18:08 1:44 3:31
3 Stars
1 - Ryan Getzlaf (Dal)
2 - Jussi Jokinen (Dal)
3 - John Tavares (Dal)
Power Play
Predators - 1 on 6 Attempt(s) - 16.67%
Stars - 0 on 2 Attempt(s) - 0.00%
Penalty Kill
Predators - 2 on 2 Attempt(s) - 100.00%
- Score 0 goal in Penalty Kill
Stars - 5 on 6 Attempt(s) - 83.33%
- Score 0 goal in Penalty Kill
Team Stat
Predators - Hits : 19 - Faceoff Wins : 27 - Blocked Shots : 5 - Penalty Minutes : 4
Stars - Hits : 17 - Faceoff Wins : 30 - Blocked Shots : 15 - Penalty Minutes : 12
Official
Referees : Dwyer Gord and VanMassenhoven Don
Linesman : Pierre Champoux and Dan Schachte
Game Notes
No Game Note
Finance
Level 1 -- Attendance: 6000 (100.00%) -- Ticket Income $420,000
Level 2 -- Attendance: 3901 (78.02%) -- Ticket Income $234,060
Level 3 -- Attendance: 1109 (55.45%) -- Ticket Income $55,450
Level 4 -- Attendance: 2266 (56.65%) -- Ticket Income $90,640
Luxury Box -- Attendance: 1000 (100.00%) -- Ticket Income $105,000
Game was played at the American Airlines Center.
Total Attendance: 14276 (79.31%)
Total Ticket Income: $905,150
Other Income: $135,772
Total Income: $1,040,922
Predators
5 vs 5 Forward
Center Left Wing Right Wing Time % Phy DF OF
1 Ryan Kesler Alexander Ovechkin Niclas Bergfors 40 1 2 2
2 Mikael Granlund Alexander Steen Byron Bitz 30 1 2 2
3 Andy Miele Justin Abdelkader Adam Burish 20 1 2 2
4 Kris Vernarsky James Van Riemsdyk Andrej Meszaros 10 1 2 2
5 vs 5 Defense
Defense Defense Time % Phy DF OF
1 Ryan Mcdonagh Alexander Edler 40 1 2 2
2 Dmitri Kalinin John Moore 30 1 2 2
3 Brett Clark Barret Jackman 20 1 2 2
4 Ryan Mcdonagh Alexander Edler 10 1 2 2
PowerPlay Forward
Center Left Wing Right Wing Time % Phy DF OF
1 Ryan Kesler Alexander Ovechkin Niclas Bergfors 60 1 0 4
2 Mikael Granlund Alexander Steen Byron Bitz 40 1 0 4
PowerPlay Defense
Defense Defense Time % Phy DF OF
1 Alexander Edler Ryan Mcdonagh 60 1 1 3
2 Dmitri Kalinin John Moore 40 1 1 3
Penalty Kill 4 Players Forward
Center Wing Time % Phy DF OF
1 Ryan Kesler Byron Bitz 60 1 2 2
2 Andy Miele Adam Burish 40 1 2 2
Penalty Kill 4 Players Defense
Defense Defense Time % Phy DF OF
1 Ryan Mcdonagh Alexander Edler 60 1 3 1
2 John Moore Brett Clark 40 1 3 1
Penalty Kill - 3 Players Forward
Forward Time % Phy DF OF
1 Byron Bitz 60 1 2 2
2 Adam Burish 40 1 2 2
Penalty Kill - 3 Players Defense
Defense Defense Time % Phy DF OF
1 Ryan Mcdonagh Alexander Edler 60 1 3 1
2 John Moore Brett Clark 40 1 3 1
4 vs 4 Forward
Center Wing Time % Phy DF OF
1 Ryan Kesler Byron Bitz 60 1 2 2
2 Alexander Ovechkin Niclas Bergfors 40 1 2 2
4 vs 4 Defense
Defense Defense Time % Phy DF OF
1 Ryan Mcdonagh Alexander Edler 60 1 2 2
2 John Moore Dmitri Kalinin 40 1 2 2
Last Minutes Offensive
Center Left Wing Right Wing Defense Defense
Ryan Kesler Alexander Ovechkin Niclas Bergfors Ryan Mcdonagh Alexander Edler
Last Minutes Defensive
Center Left Wing Right Wing Defense Defense
Ryan Kesler Adam Burish Byron Bitz Ryan Mcdonagh John Moore
Goaltenders
Starting : Viktor Fasth
Backup : Chad Johnson
Extra Forwards
Normal : James Van Riemsdyk, Justin Abdelkader, Adam Burish - PP : James Van Riemsdyk, Justin Abdelkader - PK : Adam Burish
Extra Defensemen
Normal : Dmitri Kalinin, Barret Jackman, Alexander Edler - PP : Dmitri Kalinin - PK : Barret Jackman, Ryan Mcdonagh
Penalty Shots
Alexander Ovechkin, Ryan Kesler, Niclas Bergfors, Byron Bitz, Alexander Steen
Scratches
None
Stars
5 vs 5 Forward
Center Left Wing Right Wing Time % Phy DF OF
1 John Tavares Scott Hartnell Michael Frolik 39 0 2 3
2 Ryan Getzlaf Jussi Jokinen Evgeny Artyukhin 27 0 2 3
3 Michal Handzus Matt Cooke Daniel Cleary 20 1 2 2
4 Rickard Wallin Dustin Penner Patrick Eaves 14 1 2 2
5 vs 5 Defense
Defense Defense Time % Phy DF OF
1 Johnny Oduya Brian Lee 40 1 2 2
2 Trevor Daley Andrei Markov 30 1 2 2
3 Raphael Diaz Shaone Morrisonn 30 1 2 2
4 Johnny Oduya Brian Lee 0 1 2 2
PowerPlay Forward
Center Left Wing Right Wing Time % Phy DF OF
1 John Tavares Jussi Jokinen Michael Frolik 60 0 1 4
2 Ryan Getzlaf Scott Hartnell Evgeny Artyukhin 40 0 1 4
PowerPlay Defense
Defense Defense Time % Phy DF OF
1 Johnny Oduya Brian Lee 60 0 2 3
2 Trevor Daley Andrei Markov 40 0 2 3
Penalty Kill 4 Players Forward
Center Wing Time % Phy DF OF
1 Michal Handzus Scott Hartnell 60 1 3 1
2 Rickard Wallin Dustin Penner 40 1 3 1
Penalty Kill 4 Players Defense
Defense Defense Time % Phy DF OF
1 Brian Lee Shaone Morrisonn 60 0 3 2
2 Raphael Diaz Andrei Markov 40 0 3 2
Penalty Kill - 3 Players Forward
Forward Time % Phy DF OF
1 Scott Hartnell 60 1 4 0
2 Michal Handzus 40 1 4 0
Penalty Kill - 3 Players Defense
Defense Defense Time % Phy DF OF
1 Johnny Oduya Brian Lee 60 1 4 0
2 Trevor Daley Andrei Markov 40 1 4 0
4 vs 4 Forward
Center Wing Time % Phy DF OF
1 Trevor Daley Scott Hartnell 60 1 2 2
2 Jussi Jokinen Michael Frolik 40 1 2 2
4 vs 4 Defense
Defense Defense Time % Phy DF OF
1 Johnny Oduya Brian Lee 60 1 2 2
2 Trevor Daley Andrei Markov 40 1 2 2
Last Minutes Offensive
Center Left Wing Right Wing Defense Defense
John Tavares Scott Hartnell Michael Frolik Trevor Daley Brian Lee
Last Minutes Defensive
Center Left Wing Right Wing Defense Defense
Ryan Getzlaf Scott Hartnell Daniel Cleary Johnny Oduya Shaone Morrisonn
Goaltenders
Starting : Pascal Leclaire
Backup : Miika Kiprusoff
Extra Forwards
Normal : Michal Handzus, Dustin Penner, Michael Frolik - PP : Evgeny Artyukhin, Dustin Penner - PK : Evgeny Artyukhin
Extra Defensemen
Normal : Raphael Diaz, Shaone Morrisonn, Trevor Daley - PP : Raphael Diaz - PK : Shaone Morrisonn, Trevor Daley
Penalty Shots
John Tavares, Michael Frolik, Ryan Getzlaf, Michal Handzus, Evgeny Artyukhin
Scratches
None
% Time on Ice - Predators
Lines # - Real PCT - Wanted PCT - Time Play
Normal Forward
1 - 33% - 40% - 15:32
2 - 23% - 30% - 10:56
3 - 24% - 20% - 11:15
4 - 19% - 10% - 9:02
Normal Defense
1 - 40% - 40% - 18:37
2 - 31% - 30% - 14:38
3 - 22% - 20% - 10:07
4 - 7% - 10% - 3:23
PP Forward
1 - 54% - 60% - 5:01
2 - 46% - 40% - 4:16
PP Defense
1 - 48% - 60% - 4:30
2 - 52% - 40% - 4:47
PK Forward
1 - 81% - 60% - 3:12
2 - 19% - 40% - 0:46
PK Defense
1 - 67% - 60% - 2:39
2 - 33% - 40% - 1:19
PK3 Forward
1 - 0% - 60%
2 - 0% - 40%
PK3 Defense
1 - 0% - 60%
2 - 0% - 40%
44 Forward
1 - 0% - 60%
2 - 0% - 40%
44 Defense
1 - 0% - 60%
2 - 0% - 40%
Last Minute Offensive - 0:00
Last Minute Defensive - 0:00
Total
Forward - 60:00
Defense - 60:00
|
% Time on Ice - Stars
Lines # - Real PCT - Wanted PCT - Time Play
Normal Forward
1 - 38% - 39% - 17:35
2 - 25% - 27% - 11:39
3 - 19% - 20% - 8:46
4 - 19% - 14% - 8:45
Normal Defense
1 - 40% - 40% - 18:52
2 - 29% - 30% - 13:20
3 - 31% - 30% - 14:33
4 - 0% - 0% - 0:00
PP Forward
1 - 54% - 60% - 2:08
2 - 46% - 40% - 1:50
PP Defense
1 - 56% - 60% - 2:14
2 - 44% - 40% - 1:44
PK Forward
1 - 76% - 60% - 7:06
2 - 24% - 40% - 2:11
PK Defense
1 - 59% - 60% - 5:29
2 - 41% - 40% - 3:48
PK3 Forward
1 - 0% - 60%
2 - 0% - 40%
PK3 Defense
1 - 0% - 60%
2 - 0% - 40%
44 Forward
1 - 0% - 60%
2 - 0% - 40%
44 Defense
1 - 0% - 60%
2 - 0% - 40%
Last Minute Offensive - 0:00
Last Minute Defensive - 0:00
Total
Forward - 60:00
Defense - 60:00
|
Play by Play
1st period
0:01 of 1st period - Ryan Kesler wins face-off versus John Tavares in neutral zone.
0:57 of 1st period - Slapshot by Daniel Cleary.
0:57 of 1st period - Shot Misses the Net.
1:45 of 1st period - Snap shot by Niclas Bergfors.
1:45 of 1st period - Shot Misses the Net.
2:19 of 1st period - Johnny Oduya is hit by Dmitri Kalinin and loses puck.
2:26 of 1st period - Wrist shot by Andy Miele.
2:26 of 1st period - Stopped by Pascal Leclaire without a rebound.
2:27 of 1st period - John Tavares wins face-off versus Ryan Kesler in Stars zone.
2:53 of 1st period - Wrist shot by Adam Burish.
2:53 of 1st period - Shot Blocked by Johnny Oduya.
3:49 of 1st period - Snap shot by John Tavares.
3:49 of 1st period - Shot Misses the Net.
4:13 of 1st period - Brett Clark is hit by Brian Lee and loses puck.
5:06 of 1st period - Snap shot by John Tavares.
5:06 of 1st period - Stopped by Viktor Fasth without a rebound.
5:07 of 1st period - Ryan Getzlaf wins face-off versus Ryan Kesler in Predators zone.
5:16 of 1st period - Snap shot by Niclas Bergfors.
5:16 of 1st period - Stopped by Pascal Leclaire with a rebound.
5:18 of 1st period - Slapshot by John Moore.
5:18 of 1st period - Stopped by Pascal Leclaire with a rebound.
5:20 of 1st period - Slapshot by John Moore.
5:20 of 1st period - Stopped by Pascal Leclaire without a rebound.
5:21 of 1st period - Michal Handzus wins face-off versus Ryan Kesler in Stars zone.
5:21 of 1st period - Michal Handzus is hit by Dmitri Kalinin.
5:37 of 1st period - Wrist shot by Daniel Cleary.
5:37 of 1st period - Stopped by Viktor Fasth with a rebound.
6:20 of 1st period - Snap shot by Patrick Eaves.
6:20 of 1st period - Stopped by Viktor Fasth with a rebound.
8:28 of 1st period - Raphael Diaz is hit by Alexander Edler and loses puck.
8:41 of 1st period - Andrei Markov is hit by Ryan Kesler and loses puck.
9:04 of 1st period - Matt Cooke is hit by Mikael Granlund and loses puck.
9:48 of 1st period - Wrist shot by Niclas Bergfors.
9:48 of 1st period - Stopped by Pascal Leclaire without a rebound.
9:49 of 1st period - John Tavares wins face-off versus Mikael Granlund in Stars zone.
9:49 of 1st period - John Tavares is hit by Byron Bitz.
10:54 of 1st period - Snap shot by Alexander Ovechkin.
10:54 of 1st period - Deflect By Ryan Kesler.
10:54 of 1st period - Shot Misses the Net.
10:54 of 1st period - Puck is out of play.
10:55 of 1st period - Ryan Getzlaf wins face-off versus Alexander Ovechkin in Stars zone.
11:25 of 1st period - Snap shot by Scott Hartnell.
11:25 of 1st period - Shot Misses the Net.
11:27 of 1st period - Slapshot by Trevor Daley.
11:27 of 1st period - Shot Misses the Net.
11:29 of 1st period - Snap shot by Trevor Daley.
11:29 of 1st period - Stopped by Viktor Fasth with a rebound.
12:14 of 1st period - Minor Penalty to Dustin Penner for Cross-checking.
12:15 of 1st period - Ryan Kesler wins face-off versus Michal Handzus in Stars zone.
13:28 of 1st period - Niclas Bergfors is hit by Andrei Markov and loses puck.
13:35 of 1st period - Andrei Markov is hit by Alexander Ovechkin and loses puck.
14:14 of 1st period - Penalty to Dustin Penner is over, Dustin Penner is back on ice.
14:16 of 1st period - Snap shot by Jussi Jokinen.
14:16 of 1st period - Shot Misses the Net.
14:50 of 1st period - Wrist shot by Patrick Eaves.
14:50 of 1st period - Shot Blocked by Ryan Mcdonagh.
15:14 of 1st period - Barret Jackman is hit by Matt Cooke and loses puck.
15:31 of 1st period - Wrist shot by Evgeny Artyukhin.
15:31 of 1st period - Shot Misses the Net.
16:04 of 1st period - Adam Burish is hit by Trevor Daley and loses puck.
18:01 of 1st period - Shaone Morrisonn is hit by Byron Bitz and loses puck.
18:41 of 1st period - Dustin Penner is hit by Kris Vernarsky and loses puck.
18:46 of 1st period - Snap shot by Kris Vernarsky.
18:46 of 1st period - Shot Blocked by Johnny Oduya.
18:56 of 1st period - Wrist shot by James Van Riemsdyk.
18:56 of 1st period - Shot Misses the Net.
19:13 of 1st period - Wrist shot by Rickard Wallin.
19:13 of 1st period - Stopped by Viktor Fasth without a rebound.
19:14 of 1st period - Ryan Kesler wins face-off versus Ryan Getzlaf in Predators zone.
19:21 of 1st period - Snap shot by Jussi Jokinen.
19:21 of 1st period - Stopped by Viktor Fasth without a rebound.
19:22 of 1st period - Ryan Getzlaf wins face-off versus Ryan Kesler in Predators zone.
19:27 of 1st period - Wrist shot by Evgeny Artyukhin.
19:27 of 1st period - Shot Misses the Net.
19:29 of 1st period - Slapshot by Evgeny Artyukhin.
19:29 of 1st period - Stopped by Viktor Fasth with a rebound.
19:31 of 1st period - Snap shot by Jussi Jokinen.
19:31 of 1st period - Goal by Jussi Jokinen - Predators : 0 - Stars : 1.
19:32 of 1st period - John Tavares wins face-off versus Ryan Kesler in neutral zone.
Goals for this period are 0 for Predators vs 1 for Stars.
Shots for this period are 5 for Predators vs 8 for Stars.
2nd period
0:01 of 2nd period - Ryan Kesler wins face-off versus John Tavares in neutral zone.
0:17 of 2nd period - Snap shot by John Tavares.
0:17 of 2nd period - Stopped by Viktor Fasth without a rebound.
0:18 of 2nd period - Evgeny Artyukhin wins face-off versus Alexander Steen in Predators zone.
0:33 of 2nd period - Ryan Getzlaf is hit by Alexander Steen and loses puck.
1:00 of 2nd period - John Tavares is hit by Niclas Bergfors and loses puck.
1:21 of 2nd period - Slapshot by Alexander Edler.
1:21 of 2nd period - Deflect By Justin Abdelkader.
1:21 of 2nd period - Stopped by Pascal Leclaire without a rebound.
1:22 of 2nd period - Jussi Jokinen wins face-off versus Mikael Granlund in Stars zone.
1:35 of 2nd period - Slapshot by Ryan Getzlaf.
1:35 of 2nd period - Deflect By Alexander Steen.
1:35 of 2nd period - Shot Misses the Net.
1:35 of 2nd period - Puck is out of play.
1:36 of 2nd period - Ryan Kesler wins face-off versus John Tavares in Predators zone.
2:02 of 2nd period - Alexander Steen is hit by Jussi Jokinen and loses puck.
2:39 of 2nd period - Dmitri Kalinin is hit by Matt Cooke and loses puck.
2:57 of 2nd period - Snap shot by Michal Handzus.
2:57 of 2nd period - Stopped by Viktor Fasth with a rebound.
3:37 of 2nd period - Wrist shot by Daniel Cleary.
3:37 of 2nd period - Stopped by Viktor Fasth with a rebound.
4:00 of 2nd period - Slapshot by Andy Miele.
4:00 of 2nd period - Stopped by Pascal Leclaire with a rebound.
4:02 of 2nd period - Slapshot by John Moore.
4:02 of 2nd period - Deflect By Justin Abdelkader.
4:02 of 2nd period - Stopped by Pascal Leclaire without a rebound.
4:03 of 2nd period - John Tavares wins face-off versus Ryan Kesler in Stars zone.
4:08 of 2nd period - Snap shot by John Tavares.
4:08 of 2nd period - Goal by John Tavares - Predators : 0 - Stars : 2.
4:09 of 2nd period - Ryan Kesler wins face-off versus John Tavares in neutral zone.
4:20 of 2nd period - Wrist shot by Ryan Kesler.
4:20 of 2nd period - Stopped by Pascal Leclaire with a rebound.
4:26 of 2nd period - Wrist shot by Niclas Bergfors.
4:26 of 2nd period - Shot Blocked by Shaone Morrisonn.
4:36 of 2nd period - Alexander Edler is hit by Shaone Morrisonn and loses puck.
5:21 of 2nd period - Brett Clark is hit by Johnny Oduya and loses puck.
5:32 of 2nd period - Evgeny Artyukhin is hit by Alexander Steen and loses puck.
6:10 of 2nd period - Trevor Daley is hit by Alexander Steen and loses puck.
6:27 of 2nd period - Slapshot by Andy Miele.
6:27 of 2nd period - Goal by Andy Miele - Predators : 1 - Stars : 2.
6:28 of 2nd period - Ryan Kesler wins face-off versus John Tavares in neutral zone.
7:07 of 2nd period - Snap shot by Alexander Steen.
7:07 of 2nd period - Shot Misses the Net.
7:39 of 2nd period - Wrist shot by James Van Riemsdyk.
7:39 of 2nd period - Deflect By Kris Vernarsky.
7:39 of 2nd period - Shot Blocked by Brian Lee.
7:39 of 2nd period - Puck is out of play.
7:40 of 2nd period - Kris Vernarsky wins face-off versus Rickard Wallin in Stars zone.
7:43 of 2nd period - Snap shot by James Van Riemsdyk.
7:43 of 2nd period - Shot Misses the Net.
7:49 of 2nd period - Snap shot by James Van Riemsdyk.
7:49 of 2nd period - Shot Misses the Net.
8:01 of 2nd period - Wrist shot by James Van Riemsdyk.
8:01 of 2nd period - Stopped by Pascal Leclaire with a rebound.
8:25 of 2nd period - Wrist shot by Rickard Wallin.
8:25 of 2nd period - Deflect By Patrick Eaves.
8:25 of 2nd period - Stopped by Viktor Fasth without a rebound.
8:26 of 2nd period - Ryan Kesler wins face-off versus John Tavares in Predators zone.
8:55 of 2nd period - Slapshot by Jussi Jokinen.
8:55 of 2nd period - Deflect By Ryan Mcdonagh.
8:55 of 2nd period - Stopped by Viktor Fasth with a rebound.
9:05 of 2nd period - Wrist shot by Ryan Getzlaf.
9:05 of 2nd period - Deflect By Jussi Jokinen.
9:05 of 2nd period - Stopped by Viktor Fasth without a rebound.
9:05 of 2nd period - Minor Penalty to Viktor Fasth for Slashing.
9:06 of 2nd period - John Tavares wins face-off versus Ryan Kesler in Predators zone.
11:05 of 2nd period - Penalty to Ryan Mcdonagh is over, Ryan Mcdonagh is back on ice.
11:44 of 2nd period - Dmitri Kalinin is hit by Rickard Wallin and loses puck.
11:51 of 2nd period - Snap shot by Rickard Wallin.
11:51 of 2nd period - Shot Misses the Net.
11:57 of 2nd period - Minor Penalty to Kris Vernarsky for Boarding.
11:58 of 2nd period - John Tavares wins face-off versus Ryan Kesler in Predators zone.
13:44 of 2nd period - Icing by John Tavares.
13:45 of 2nd period - John Tavares wins face-off versus Ryan Kesler in Stars zone.
13:57 of 2nd period - Penalty to Kris Vernarsky is over, Kris Vernarsky is back on ice.
14:26 of 2nd period - Off-side.
14:27 of 2nd period - Rickard Wallin wins face-off versus Mikael Granlund in neutral zone.
14:38 of 2nd period - Slapshot by Patrick Eaves.
14:38 of 2nd period - Shot Misses the Net.
14:40 of 2nd period - Slapshot by Dustin Penner.
14:40 of 2nd period - Shot Misses the Net.
14:42 of 2nd period - Snap shot by Patrick Eaves.
14:42 of 2nd period - Shot Misses the Net.
14:57 of 2nd period - Snap shot by Michael Frolik.
14:57 of 2nd period - Deflect By John Tavares.
14:57 of 2nd period - Shot Blocked by Niclas Bergfors.
14:57 of 2nd period - Puck is out of play.
14:58 of 2nd period - Ryan Kesler wins face-off versus John Tavares in Predators zone.
15:07 of 2nd period - Barret Jackman is hit by Raphael Diaz and loses puck.
15:26 of 2nd period - Wrist shot by Alexander Steen.
15:26 of 2nd period - Shot Misses the Net.
15:32 of 2nd period - Wrist shot by Alexander Steen.
15:32 of 2nd period - Shot Misses the Net.
15:34 of 2nd period - Snap shot by Alexander Steen.
15:34 of 2nd period - Shot Misses the Net.
15:52 of 2nd period - Wrist shot by Alexander Edler.
15:52 of 2nd period - Shot Hit the Post.
15:54 of 2nd period - Snap shot by Alexander Edler.
15:54 of 2nd period - Stopped by Pascal Leclaire with a rebound.
16:04 of 2nd period - Slapshot by Patrick Eaves.
16:04 of 2nd period - Stopped by Viktor Fasth with a rebound.
16:06 of 2nd period - Wrist shot by Patrick Eaves.
16:06 of 2nd period - Goal by Patrick Eaves - Predators : 1 - Stars : 3.
16:07 of 2nd period - Ryan Kesler wins face-off versus John Tavares in neutral zone.
16:14 of 2nd period - Wrist shot by Ryan Kesler.
16:14 of 2nd period - Stopped by Pascal Leclaire without a rebound.
16:15 of 2nd period - Ryan Kesler wins face-off versus John Tavares in Stars zone.
16:42 of 2nd period - Wrist shot by Alexander Ovechkin.
16:42 of 2nd period - Stopped by Pascal Leclaire with a rebound.
16:58 of 2nd period - Snap shot by Niclas Bergfors.
16:58 of 2nd period - Shot Misses the Net.
17:09 of 2nd period - Icing by Scott Hartnell.
17:10 of 2nd period - John Tavares wins face-off versus Mikael Granlund in Stars zone.
17:36 of 2nd period - Scott Hartnell is hit by Dmitri Kalinin.
17:48 of 2nd period - Wrist shot by Michael Frolik.
17:48 of 2nd period - Shot Misses the Net.
18:02 of 2nd period - Snap shot by James Van Riemsdyk.
18:02 of 2nd period - Shot Misses the Net.
18:04 of 2nd period - Slapshot by Kris Vernarsky.
18:04 of 2nd period - Stopped by Pascal Leclaire with a rebound.
18:06 of 2nd period - Slapshot by Barret Jackman.
18:06 of 2nd period - Stopped by Pascal Leclaire without a rebound.
18:07 of 2nd period - Mikael Granlund wins face-off versus Ryan Getzlaf in Stars zone.
18:08 of 2nd period - Wrist shot by Alexander Steen.
18:08 of 2nd period - Stopped by Pascal Leclaire without a rebound.
18:09 of 2nd period - Mikael Granlund wins face-off versus Ryan Getzlaf in Stars zone.
18:10 of 2nd period - Snap shot by Alexander Steen.
18:10 of 2nd period - Shot Blocked by Andrei Markov.
18:20 of 2nd period - Slapshot by Jussi Jokinen.
18:20 of 2nd period - Stopped by Viktor Fasth with a rebound.
18:22 of 2nd period - Slapshot by Jussi Jokinen.
18:22 of 2nd period - Stopped by Viktor Fasth without a rebound.
18:23 of 2nd period - Ryan Kesler wins face-off versus Ryan Getzlaf in Predators zone.
18:30 of 2nd period - Snap shot by Niclas Bergfors.
18:30 of 2nd period - Stopped by Pascal Leclaire without a rebound.
18:31 of 2nd period - Ryan Getzlaf wins face-off versus Ryan Kesler in Stars zone.
18:38 of 2nd period - Wrist shot by Alexander Ovechkin.
18:38 of 2nd period - Stopped by Pascal Leclaire without a rebound.
18:39 of 2nd period - Ryan Kesler wins face-off versus John Tavares in Stars zone.
18:45 of 2nd period - Off-side.
18:46 of 2nd period - John Tavares wins face-off versus Ryan Kesler in neutral zone.
18:55 of 2nd period - Snap shot by Michael Frolik.
18:55 of 2nd period - Shot Misses the Net.
18:57 of 2nd period - Snap shot by Michael Frolik.
18:57 of 2nd period - Shot Misses the Net.
18:59 of 2nd period - Snap shot by Scott Hartnell.
18:59 of 2nd period - Stopped by Viktor Fasth without a rebound.
19:00 of 2nd period - John Tavares wins face-off versus Niclas Bergfors in Predators zone.
19:05 of 2nd period - Wrist shot by John Tavares.
19:05 of 2nd period - Shot Misses the Net.
19:15 of 2nd period - Snap shot by Scott Hartnell.
19:15 of 2nd period - Stopped by Viktor Fasth with a rebound.
19:17 of 2nd period - Wrist shot by John Tavares.
19:17 of 2nd period - Stopped by Viktor Fasth without a rebound.
19:18 of 2nd period - Mikael Granlund wins face-off versus Ryan Getzlaf in Predators zone.
19:53 of 2nd period - Snap shot by Barret Jackman.
19:53 of 2nd period - Stopped by Pascal Leclaire without a rebound.
19:54 of 2nd period - Mikael Granlund wins face-off versus Jussi Jokinen in Stars zone.
19:55 of 2nd period - Wrist shot by Alexander Steen.
19:55 of 2nd period - Deflect By Byron Bitz.
19:55 of 2nd period - Shot Blocked by Brian Lee.
19:55 of 2nd period - Puck is out of play.
19:56 of 2nd period - Mikael Granlund wins face-off versus Ryan Getzlaf in Stars zone.
Goals for this period are 1 for Predators vs 2 for Stars.
Shots for this period are 15 for Predators vs 14 for Stars.
3rd period
0:01 of 3rd period - Ryan Kesler wins face-off versus John Tavares in neutral zone.
0:04 of 3rd period - Snap shot by Ryan Kesler.
0:04 of 3rd period - Shot Blocked by Michael Frolik.
0:06 of 3rd period - Wrist shot by Niclas Bergfors.
0:06 of 3rd period - Shot Misses the Net.
0:08 of 3rd period - Wrist shot by Niclas Bergfors.
0:08 of 3rd period - Shot Misses the Net.
0:10 of 3rd period - Wrist shot by Alexander Ovechkin.
0:10 of 3rd period - Shot Blocked by John Tavares.
0:41 of 3rd period - Ryan Getzlaf is hit by Alexander Edler and loses puck.
1:02 of 3rd period - Wrist shot by Kris Vernarsky.
1:02 of 3rd period - Shot Blocked by Trevor Daley.
1:04 of 3rd period - Snap shot by Kris Vernarsky.
1:04 of 3rd period - Goal by Kris Vernarsky - Predators : 2 - Stars : 3.
1:05 of 3rd period - Ryan Kesler wins face-off versus Scott Hartnell in neutral zone.
1:08 of 3rd period - Snap shot by Niclas Bergfors.
1:08 of 3rd period - Stopped by Pascal Leclaire without a rebound.
1:09 of 3rd period - John Tavares wins face-off versus Ryan Kesler in Stars zone.
1:16 of 3rd period - Snap shot by Michael Frolik.
1:16 of 3rd period - Stopped by Viktor Fasth with a rebound.
2:27 of 3rd period - Slapshot by Alexander Edler.
2:27 of 3rd period - Shot Blocked by Shaone Morrisonn.
2:29 of 3rd period - Backhand shot by Alexander Edler.
2:29 of 3rd period - Shot Blocked by Patrick Eaves.
3:14 of 3rd period - Minor Penalty to Jussi Jokinen for Interference.
3:15 of 3rd period - Michal Handzus wins face-off versus Ryan Kesler in Stars zone.
3:15 of 3rd period - Michal Handzus is hit by John Moore.
3:32 of 3rd period - Slapshot by Niclas Bergfors.
3:32 of 3rd period - Shot Misses the Net.
5:00 of 3rd period - Dmitri Kalinin is hit by John Tavares and loses puck.
5:14 of 3rd period - Penalty to Jussi Jokinen is over, Jussi Jokinen is back on ice.
5:41 of 3rd period - Wrist shot by Ryan Getzlaf.
5:41 of 3rd period - Shot Misses the Net.
5:43 of 3rd period - Snap shot by Evgeny Artyukhin.
5:43 of 3rd period - Shot Misses the Net.
6:08 of 3rd period - Minor Penalty to Andrei Markov for Hooking.
6:09 of 3rd period - Mikael Granlund wins face-off versus Michal Handzus in Stars zone.
6:13 of 3rd period - Snap shot by Alexander Steen.
6:13 of 3rd period - Shot Blocked by Trevor Daley.
8:01 of 3rd period - Alexander Steen is hit by Evgeny Artyukhin and loses puck.
8:08 of 3rd period - Penalty to Andrei Markov is over, Andrei Markov is back on ice.
8:58 of 3rd period - John Moore is hit by Andrei Markov and loses puck.
9:26 of 3rd period - Snap shot by Adam Burish.
9:26 of 3rd period - Shot Misses the Net.
9:28 of 3rd period - Slapshot by Dmitri Kalinin.
9:28 of 3rd period - Shot Blocked by Dustin Penner.
9:36 of 3rd period - Wrist shot by Justin Abdelkader.
9:36 of 3rd period - Stopped by Pascal Leclaire without a rebound.
9:37 of 3rd period - Ryan Getzlaf wins face-off versus Ryan Kesler in Stars zone.
9:42 of 3rd period - Brett Clark is hit by Ryan Getzlaf and loses puck.
9:51 of 3rd period - Slapshot by Evgeny Artyukhin.
9:51 of 3rd period - Deflect By Jussi Jokinen.
9:51 of 3rd period - Shot Blocked by Barret Jackman.
9:51 of 3rd period - Puck is out of play.
9:52 of 3rd period - Matt Cooke wins face-off versus Alexander Steen in Predators zone.
10:18 of 3rd period - Ryan Mcdonagh is hit by Ryan Getzlaf and loses puck.
10:25 of 3rd period - Wrist shot by Jussi Jokinen.
10:25 of 3rd period - Shot Misses the Net.
11:34 of 3rd period - Minor Penalty to Raphael Diaz for Tripping.
11:35 of 3rd period - Michal Handzus wins face-off versus Mikael Granlund in Stars zone.
11:48 of 3rd period - Snap shot by Alexander Steen.
11:48 of 3rd period - Goal by Alexander Steen - Predators : 3 - Stars : 3.
11:49 of 3rd period - Ryan Kesler wins face-off versus John Tavares in neutral zone.
11:54 of 3rd period - Slapshot by Ryan Kesler.
11:54 of 3rd period - Deflect By John Tavares.
11:54 of 3rd period - Stopped by Pascal Leclaire with a rebound.
11:56 of 3rd period - Snap shot by Niclas Bergfors.
11:56 of 3rd period - Shot Blocked by Brian Lee.
11:58 of 3rd period - Slapshot by Ryan Mcdonagh.
11:58 of 3rd period - Stopped by Pascal Leclaire with a rebound.
12:00 of 3rd period - Slapshot by Alexander Edler.
12:00 of 3rd period - Stopped by Pascal Leclaire with a rebound.
12:02 of 3rd period - Slapshot by Alexander Edler.
12:02 of 3rd period - Stopped by Pascal Leclaire with a rebound.
12:06 of 3rd period - Wrist shot by Alexander Ovechkin.
12:06 of 3rd period - Stopped by Pascal Leclaire without a rebound.
12:07 of 3rd period - Ryan Getzlaf wins face-off versus Mikael Granlund in Stars zone.
12:07 of 3rd period - Ryan Getzlaf is hit by Mikael Granlund.
12:10 of 3rd period - Shaone Morrisonn is hit by Ryan Mcdonagh and loses puck.
12:21 of 3rd period - Backhand shot by Jussi Jokinen.
12:21 of 3rd period - Shot Blocked by Ryan Mcdonagh.
12:23 of 3rd period - Snap shot by Raphael Diaz.
12:23 of 3rd period - Stopped by Viktor Fasth with a rebound.
12:33 of 3rd period - John Tavares is hit by Alexander Edler and loses puck.
12:40 of 3rd period - Snap shot by Ryan Kesler.
12:40 of 3rd period - Shot Blocked by Shaone Morrisonn.
12:42 of 3rd period - Slapshot by Ryan Kesler.
12:42 of 3rd period - Shot Misses the Net.
12:46 of 3rd period - Snap shot by Niclas Bergfors.
12:46 of 3rd period - Stopped by Pascal Leclaire with a rebound.
13:38 of 3rd period - Slapshot by Andrej Meszaros.
13:38 of 3rd period - Shot Misses the Net.
14:39 of 3rd period - Off-side.
14:40 of 3rd period - John Tavares wins face-off versus Ryan Kesler in neutral zone.
14:48 of 3rd period - Wrist shot by John Tavares.
14:48 of 3rd period - Stopped by Viktor Fasth without a rebound.
14:49 of 3rd period - Alexander Ovechkin wins face-off versus John Tavares in Predators zone.
14:54 of 3rd period - Slapshot by Alexander Edler.
14:54 of 3rd period - Stopped by Pascal Leclaire without a rebound.
14:55 of 3rd period - John Tavares wins face-off versus Ryan Kesler in Stars zone.
15:01 of 3rd period - Wrist shot by Michael Frolik.
15:01 of 3rd period - Stopped by Viktor Fasth without a rebound.
15:02 of 3rd period - John Tavares wins face-off versus Ryan Kesler in Predators zone.
15:15 of 3rd period - Snap shot by Niclas Bergfors.
15:15 of 3rd period - Stopped by Pascal Leclaire without a rebound.
15:16 of 3rd period - Ryan Kesler wins face-off versus Michal Handzus in Stars zone.
15:20 of 3rd period - Minor Penalty to Brian Lee for Hooking.
15:21 of 3rd period - Michal Handzus wins face-off versus Ryan Kesler in Stars zone.
15:33 of 3rd period - Wrist shot by Michal Handzus.
15:33 of 3rd period - Shot Blocked by Ryan Mcdonagh.
16:07 of 3rd period - Snap shot by Scott Hartnell.
16:07 of 3rd period - Stopped by Viktor Fasth without a rebound.
16:08 of 3rd period - Ryan Kesler wins face-off versus Rickard Wallin in Predators zone.
16:36 of 3rd period - Wrist shot by Byron Bitz.
16:36 of 3rd period - Shot Misses the Net.
17:02 of 3rd period - Byron Bitz is hit by Shaone Morrisonn and loses puck.
17:20 of 3rd period - Penalty to Brian Lee is over, Brian Lee is back on ice.
17:51 of 3rd period - Wrist shot by Jussi Jokinen.
17:51 of 3rd period - Shot Misses the Net.
17:53 of 3rd period - Wrist shot by Ryan Getzlaf.
17:53 of 3rd period - Goal by Ryan Getzlaf - Predators : 3 - Stars : 4.
17:54 of 3rd period - Andy Miele wins face-off versus Daniel Cleary in neutral zone.
18:30 of 3rd period - Wrist shot by Dustin Penner.
18:30 of 3rd period - Shot Misses the Net.
18:44 of 3rd period - John Moore is hit by Shaone Morrisonn and loses puck.
18:52 of 3rd period - Minor Penalty to Shaone Morrisonn for Hooking.
18:53 of 3rd period - Michal Handzus wins face-off versus Ryan Kesler in Stars zone.
19:01 of 3rd period - Predators, Viktor Fasth is pulled from the net.
19:24 of 3rd period - Slapshot by Mikael Granlund.
19:24 of 3rd period - Stopped by Pascal Leclaire without a rebound.
19:25 of 3rd period - Randy Carlyle call a timeout for Predators.
19:25 of 3rd period - Rickard Wallin wins face-off versus Ryan Kesler in Stars zone.
Goals for this period are 2 for Predators vs 1 for Stars.
Shots for this period are 13 for Predators vs 6 for Stars.
Back to the Top